 Dungeon Crawl Stone Soup version 0.28-a0-773-g130ae17fe5 (console) character file.

Game seed: 10957360636511090010

830 Morrissey the Slasher (level 7, -1/60 HPs)
             Began as a Minotaur Gladiator on Nov 2, 2021.
             Slain by Pikel (8 damage)
             ... on level 5 of the Dungeon.
             The game lasted 00:05:18 (3738 turns).

Morrissey the Slasher (Minotaur Gladiator)          Turns: 3738, Time: 00:05:18

Health: -1/60      AC: 10    Str: 24    XL:     7   Next: 65%
Magic:  6/6        EV: 10    Int:  5    God:
Gold:   194        SH:  0    Dex: 14    Spells: 6/6 levels left

rFire   . . .      SeeInvis .   a - +0 long sword
rCold   . . .      Faith    .   (no shield)
rNeg    . . .      Spirit   .   k - +0 chain mail
rPois   .          Reflect  .   c - +0 hat
rElec   .          Harm     .   (no cloak)
rCorr   .          Rampage  .   (no gloves)
Will    .....                   (no boots)
Stlth   ..........              o - amulet of regeneration
HPRegen 1.20/turn               n - +6 ring of strength
MPRegen 0.10/turn               (no ring)

@: lethally poisoned (-1 -> -13), slowed, very slow
A: horns 2, retaliatory headbutt
a: no special abilities


You were on level 5 of the Dungeon.
You visited 1 branch of the dungeon, and saw 5 of its levels.

You collected 194 gold pieces.

Inventory:

Hand Weapons
 a - a +0 long sword (weapon)
Missiles
 d - a throwing net (quivered)
Armour
 c - a +0 hat (worn)
 k - a +0 chain mail (worn)
Magical Staves
 e - a staff of poison
Jewellery
 n - a +6 ring of strength (left hand)
 o - an amulet of regeneration (around neck)
Wands
 r - a wand of paralysis (4)
Scrolls
 f - 2 scrolls of silence {unknown}
 g - 4 scrolls of identify {unknown}
 j - 3 scrolls of enchant armour {unknown}
 m - 2 scrolls of teleportation {unknown}
 t - a scroll of immolation {unknown}
 u - a scroll of amnesia {unknown}
Potions
 b - a potion of brilliance {unknown}
 h - 2 potions of ambrosia {unknown}
 i - 2 potions of heal wounds
 l - 2 potions of curing {unknown}
 p - a potion of attraction {unknown}
 q - a potion of mutation {unknown}
 s - a potion of degeneration {unknown}


   Skills:
 + Level 4.9 Fighting
 * Level 7.0 Long Blades
 - Level 2.0 Throwing
 * Level 5.5 Armour
 + Level 5.1 Dodging


You had 6 spell levels left.
You didn't know any spells.
Your spell library contained the following spells:

 Spells                   Type           Power      Damage    Failure   Level
 Beastly Appendage        Tmut           0%         N/A       98%         1
 Wereblood                Tmut           0%         N/A       99%         2
 Frozen Ramparts          Ice            0%         1d2       100%        3
 Spider Form              Tmut/Pois      0%         N/A       100%        3
 Ice Form                 Ice/Tmut       0%         N/A       100%        4
 Summon Ice Beast         Ice/Summ       0%         N/A       100%        4


Dungeon Overview and Level Annotations

Branches:
Dungeon (5/15)
 Temple: D:4-7

Altars:
Hepliaklqana
Qazlal
Ru
Vehumet

Annotations:
D:5 Pikel


Innate Abilities, Weirdness & Mutations

You have a pair of horns on your head.
You reflexively headbutt those who attack you in melee.


Message History

The hornet misses you.
The hornet stings you but does no damage.
Unknown command.
You miss the hornet. Your headbutt misses the hornet.
The hornet is severely wounded.
You feel very sick.
The hornet stings you but does no damage.
The hornet barely misses you.
Unknown command.
It was a potion of heal wounds.
You feel much better.
You feel sick. The hornet stings you!
You are more poisoned.
You feel as though you will be slow longer.
The hornet stings you!
* * * LOW HITPOINT WARNING * * *
You feel as though you will be slow longer.
The hornet stings you.
* * * LOW HITPOINT WARNING * * *
You are more poisoned.
You feel as though you will be slow longer.
You hit the hornet but do no damage. You headbutt the hornet.
The hornet is almost dead.
* * * LOW HITPOINT WARNING * * *
You feel extremely sick. The hornet stings you.
* * * LOW HITPOINT WARNING * * *
You are lethally poisoned!
You feel as though you will be slow longer.
The hornet stings you but does no damage.
Unknown command.
You closely miss the hornet.
You headbutt the hornet, but do no damage.
The hornet is almost dead.
* * * LOW HITPOINT WARNING * * *
You feel extremely sick. The hornet completely misses you.
You furiously retaliate!
You headbutt the hornet!
You kill the hornet!
Pikel hits you with a +2 whip of freezing!
You die...

###### .....# ##.....##
.....# #.......# .....#
#.......# #†..#
#.......#
##..######.....#
...............##
###.#####.......###
#....#........@.#
#.##..........#K#
#..##..#.....##55......
##.##..##...###55#...⌠)
####.....###### ..##
P... ...#)..#.# ... #+#
...).).#.# ...#
...).###.# K### .....#
#.# ..


You could see Pikel (fast) and 4 lemures.

Vanquished Creatures
  A hornet (D:5)
  Menkaure (D:4)
  Pargi (D:4)
  An ogre (D:4)
  A phantom (D:5)
  2 water moccasin skeletons
  A hound (D:5)
  2 orc priests
  2 centaur skeletons (D:5)
  Natasha (twice) (D:4)
  An iguana (D:5)
  Ijyb (D:4)
  A hound skeleton (D:4)
  4 gnolls (D:5)
  An adder (D:3)
  An adder zombie (D:5)
  6 orcs
  10 ball pythons
  3 bats
  3 endoplasms
  A giant cockroach (D:4)
  5 goblins
  4 hobgoblins
  3 jackals (D:2)
  A frilled lizard (D:1)
  5 kobolds
  2 rats
66 creatures vanquished.

Notes
Turn   | Place    | Note
-------+----------+-------------------------------------------
     0 | D:1      | Morrissey the Minotaur Gladiator began the quest for the
                  | Orb.
     0 | D:1      | Reached XP level 1. HP: 18/18 MP: 0/0
     6 | D:1      | Noticed a hog
     6 | D:1      | Noticed a scorpion
     6 | D:1      | Noticed a swamp drake
     6 | D:1      | Noticed an anaconda
     6 | D:1      | Noticed a black bear
   198 | D:1      | Reached XP level 2. HP: 16/25 MP: 1/1
   357 | D:1      | Reached skill level 4 in Long Blades
   388 | D:1      | Found a faded altar of an unknown god.
  1131 | D:2      | Found a stormy altar of Qazlal.
  1423 | D:3      | Reached skill level 1 in Armour
  1423 | D:3      | Reached XP level 3. HP: 11/30 MP: 2/2
  1876 | D:2      | Reached XP level 4. HP: 38/38 MP: 3/3
  2942 | D:4      | Reached skill level 5 in Long Blades
  2942 | D:4      | Reached XP level 5. HP: 37/45 MP: 4/4
  3033 | D:4      | Noticed Menkaure
  3039 | D:4      | Killed Menkaure
  3040 | D:4      | Reached XP level 6. HP: 41/52 MP: 5/5
  3174 | D:4      | Noticed Pargi
  3194 | D:4      | Killed Pargi
  3227 | D:4      | Noticed Ijyb
  3236 | D:4      | Killed Ijyb
  3237 | D:4      | Reached skill level 6 in Long Blades
  3268 | D:4      | Noticed Natasha
  3275 | D:4      | Killed Natasha
  3409 | D:4      | Noticed Natasha
  3415 | D:4      | Killed Natasha
  3472 | D:4      | Reached XP level 7. HP: 39/60 MP: 6/6
  3513 | D:5      | Entered Level 5 of the Dungeon
  3554 | D:5      | Found a radiant altar of Vehumet.
  3556 | D:5      | Found a hazy altar of Hepliaklqana.
  3559 | D:5      | Found a sacrificial altar of Ru.
  3584 | D:5      | Reached skill level 5 in Armour
  3584 | D:5      | Reached skill level 5 in Dodging
  3692 | D:5      | Reached skill level 7 in Long Blades
  3726 | D:5      | Noticed a hornet
  3726 | D:5      | Noticed Pikel
  3738 | D:5      | Killed a hornet
  3738 | D:5      | Slain by Pikel

Illustrated notes

Levels and vault maps discovered:
D:1:      onia_arrival_zoo_common, layout_loops_cross,
          hellmonk_ecumenical_altar_crossroads, chequers_serial_rivers_small_3,
          minmay_shallow_snake_nest
D:2:      layout_rooms, basic_altar
D:3:      layout_loops_corners, grunt_decor_one_mirror,
          chequers_hall_statues_corner_a
D:4:      layout_cave_pools, serial_bayou_lagoon_a, kennysheep_generic_room_12,
          uniq_natasha, uniq_pargi, uniq_ijyb, uniq_menkaure
D:5:      layout_rooms, grunt_temple_overflow_open,
          gammafunk_temple_overflow_forgotten, minmay_temple_entry_poolview,
          uniq_pikel

Skill      XL: |  1  2  3  4  5  6  7 |
---------------+----------------------+-----
Long Blades    | 4 5 6 7 |  7.0
Armour         | 1 3 4 5 |  5.5
Fighting       | 3 4 |  4.9
Dodging        | 4 5 |  5.1
Throwing       | |  2.0

Action                   |  1- 3 |  4- 6 |  7- 9 || total
-------------------------+-------+-------+-------++-------
Melee: Long sword        |    52 |    80 |    46 ||   178
       Headbutt          |     4 |    23 |    13 ||    40
Throw: Throwing net      |     2 |     3 |       ||     5
  Use: Potion            |       |       |     1 ||     1
 Stab: Held in net/web   |       |     1 |       ||     1
Armor: Chain mail        |    22 |    39 |    26 ||    87
       Leather armour    |     2 |       |       ||     2
Dodge: Dodged            |    32 |    35 |    42 ||   109

Table legend: (Time is in decaauts)
 A = Elapsed time spent in this place.
 B = Non-inter-level travel time spent in this place.
 C = Inter-level travel time spent in this place.
 D = Time resting spent in this place.
 E = Time spent auto-exploring this place.
 F = Levels seen in this place.
 G = Mean time per level.
                   A        B        C        D        E       F      G
               +--------+--------+--------+--------+--------+-----+--------+
         Total |   3772 |   3646 |    126 |    590 |   2486 |   5 |  754.4 |
       Dungeon |   3772 |   3646 |    126 |    590 |   2486 |   5 |  754.4 |
               +--------+--------+--------+--------+--------+-----+--------+

Top non-repeatable levels by time:
     D:3: 1149 daAuts
     D:2: 967 daAuts
     D:1: 750 daAuts
     D:4: 674 daAuts
     D:5: 230 daAuts
